 Dungeon Crawl Stone Soup version 0.23-a0-405-g368ce00 (webtiles) character file.

70 MisterFreud the Ducker (level 4, -1/31 HPs)
             Began as an Octopode Monk on Nov 6, 2018.
             Killed from afar by Natasha (6 damage)
             ... with a magic dart
             ... on level 3 of the Dungeon.
             The game lasted 00:02:16 (1772 turns).

MisterFreud the Ducker (Octopode Monk)              Turns: 1772, Time: 00:02:16

Health: -1/31      AC:  1    Str: 12    XL:     4   Next: 21%
Magic:  4/4        EV: 15    Int: 13    God:
Gold:   67         SH:  0    Dex: 14    Spells: 3/3 levels left

rFire    . . .     SeeInvis .   a - +0 falchion
rCold    . . .     Gourm    .   (no shield)
rNeg     . . .     Faith    .   (helmet restricted)
rPois    .         Spirit   .   (no amulet)
rElec    .         Reflect  .   c - ring of attention (curse)
rCorr    .         Harm     .   l - +2 ring of strength
MR       .....                  i - ring of flight
Stlth    +++.......             (no ring)
HPRegen  0.10/turn              (no ring)
MPRegen  0.09/turn              (no ring)
                                (no ring)
                                (no ring)

@: no status effects
A: almost no armour, stealthy swim, amphibious, 8 rings, constrict 8, camouflage
1, gelatinous body 1
a: Evoke Flight


You were on level 3 of the Dungeon.
You were hungry.

You visited 1 branch of the dungeon, and saw 3 of its levels.

You collected 67 gold pieces.

Inventory:

Hand Weapons
 a - a +0 falchion (weapon)
Missiles
 m - 44 stones (quivered)
Jewellery
 c - a cursed ring of attention (left tentacle)
 i - a ring of flight (on tentacle)
 l - a +2 ring of strength (right tentacle)
Scrolls
 d - a scroll of teleportation
 f - a scroll of magic mapping {unknown}
 j - a scroll of amnesia {unknown}
 k - a scroll of remove curse {unknown}
 p - a scroll of noise {unknown}
 q - a scroll of immolation {unknown}
 r - a scroll of blinking {unknown}
Potions
 g - a potion of agility
 h - a potion of lignification
 n - a potion of might
 o - a potion of berserk rage {unknown}
Comestibles
 b - 4 rations


   Skills:
 - Level 3.0 Fighting
 - Level 3.0 Long Blades
 + Level 4.4 Dodging
 - Level 4.0 Stealth


You had 3 spell levels left.
You didn't know any spells.
Your spell library was empty.

Dungeon Overview and Level Annotations

Branches:
Dungeon (3/15)

Altars:
Fedhas

Annotations:
D:3 Natasha


Innate Abilities, Weirdness & Mutations

You cannot wear most types of armour.
You are very stealthy in the water. (Stealth+)
You are amphibious.
You can wear up to eight rings at the same time.
You can use your tentacles to constrict eight enemies at once.
Your skin changes colour to match your surroundings (Stealth+).
Your rubbery body absorbs attacks. (AC +1, EV +1)


Message History

You resist with some effort.
The hobgoblin shouts!
You barely miss Natasha. Your grab misses Natasha.
Natasha stares at you and mumbles some strange words.
The magic dart hits you!
You closely miss Natasha. Your grab misses Natasha. Natasha claws you!
You hit Natasha. You grab Natasha.
Natasha is lightly wounded.
You constrict Natasha, but do no damage.
Natasha misses you. The hobgoblin misses you.
You hit Natasha. You squeeze Natasha.
Natasha is almost dead.
You constrict Natasha, but do no damage.
Natasha casts a spell at you. The magic dart hits you!
* * * LOW HITPOINT WARNING * * *
The hobgoblin hits you but does no damage.
Natasha casts a spell at you. The magic dart hits you!
You die...

........#
........#
........#
.......#####
#.....)...#
#...(.....#
#.........#
#....@go..#
#.....h...#
#......)......#
#...........#..#
#..............#
#..........8...#
#########.8_8..#
..8...# ......#


You could see Natasha, an orc and a hobgoblin.

Vanquished Creatures
  3 adders (D:2)
  2 worms (D:2)
  2 dart slugs
  2 leopard geckos (D:2)
  A giant cockroach (D:2)
  A hobgoblin (D:1)
  4 kobolds
  A ball python (D:1)
  5 bats
  2 frilled lizards (D:1)
  8 goblins
  3 rats
34 creatures vanquished.

Notes
Turn   | Place    | Note
-------+----------+-------------------------------------------
     0 | D:1      | MisterFreud the Octopode Monk began the quest for the Orb.
     0 | D:1      | Reached XP level 1. HP: 16/16 MP: 1/1
   219 | D:1      | Reached XP level 2. HP: 13/21 MP: 2/2
   942 | D:2      | Reached XP level 3. HP: 26/26 MP: 3/3
  1374 | D:2      | Reached XP level 4. HP: 31/31 MP: 4/4
  1455 | D:2      | Found a blossoming altar of Fedhas.
  1763 | D:3      | Found a faded altar of an unknown god.
  1763 | D:3      | Noticed Natasha
  1772 | D:3      | Killed from afar by Natasha

Vault maps used:
D:1:      matt_arrival_los_fun, chequers_serial_rivers_micro_c
D:2:      kennysheep_six_static_rooms, overflow_temple_1_default, first_ration
D:3:      grunt_gozag_breadcrumbs, chequers_ecumenical_altar_simple,
          minmay_misc_feat_doors, uniq_natasha

Skill      XL: |  1  2  3 |
---------------+----------+-----
Stealth        | 3 4 |  4.0
Dodging        | 4 |  4.4
Fighting       | |  3.0
Long Blades    | |  3.0

Action                   |  1- 3 |  4- 6 || total
-------------------------+-------+-------++-------
Melee: Falchion          |    53 |     9 ||    62
       Constrict         |    14 |     1 ||    15
       Tentacles         |     8 |     2 ||    10
  Use: Scroll            |       |     4 ||     4
 Stab: Sleeping          |     9 |     1 ||    10
  Eat: Chunk             |     1 |     1 ||     2
Armor: Skin              |     4 |       ||     4
Dodge: Dodged            |    35 |     5 ||    40
       Rpst.: Falchion   |     9 |     1 ||    10

Table legend:
 A = Non-vault XP
 B = Vault XP
 C = Vault XP percentage of total XP
 D = Non-vault monster count
 E = Vault monster count
 F = Vault count percentage of total count
                 A         B        C        D         E       F
            +---------+---------+-------+---------+---------+-------
      Total |      84 |      16 |  16.0 |      28 |       6 |  17.6
            +---------+---------+-------+---------+---------+-------
        D:1 |      25 |       0 |   0.0 |      16 |       0 |   0.0
        D:2 |      55 |      16 |  22.5 |      10 |       6 |  37.5
        D:3 |       4 |       0 |   0.0 |       2 |       0 |   0.0
            +---------+---------+-------+---------+---------+-------
